Map: Eternal Empire LE

Players

Couguar

  • Race: Protoss Protoss
  • League: Grandmaster
  • Spawn Location: 1:00

LiquidMaNa (MaNa) - Winner!

  • Race: Protoss Protoss
  • League: Grandmaster
  • Spawn Location: 7:00

Event: DreamHack SC2 Masters 2020 Fall

VOD

Have the link to the VOD?

Description

Time

  • Played on: Sept. 5, 2020, noon
  • Length: 14:54

All games in this series

Show
View Real Time Build Order
Export as new Build Order

Couguar Protoss 

Build Orders: Chargelot Immortal 

Get SALT Encoding   

  12  0:00  Probe  
  13  0:12  Probe  
  14  0:17  Pylon  
  14  0:24  Probe (Chrono Boost)  
  15  0:36  Probe (Chrono Boost)  
  15  0:37  Gateway  
  16  0:44  Probe (Chrono Boost)  
  16  0:47  Assimilator  
  17  0:51  Probe  
  17  0:56  Assimilator  
  18  1:03  Probe (Chrono Boost)  
  19  1:10  Gateway  
  19  1:17  Probe (Chrono Boost)  
  20  1:25  Cybernetics Core  
  20  1:26  Probe  
  21  1:36  Pylon  
  21  1:38  Probe  
  22  1:50  Probe  
  23  1:59  Warp Gate (Chrono Boost)  
  23  2:01  Stalker x2  
  25  2:02  Probe  
  28  2:09  Pylon  
  28  2:15  Probe  
  29  2:33  Stalker x2  
  32  2:37  Probe  
  33  2:47  Pylon  
  33  2:51  Probe  
  34  3:05  Shield Battery  
  34  3:07  Probe  
  35  3:20  Nexus, Probe  
  36  3:30  Pylon  
  36  3:32  Probe  
  37  3:39  Sentry  
  37  3:40  Sentry  
  41  3:47  Twilight Council  
  41  3:48  Probe (Chrono Boost)  
  42  3:57  Probe (Chrono Boost)  
  42  4:00  Forge  
  43  4:02  Probe (Chrono Boost)  
  43  4:04  Sentry  
  46  4:11  Pylon  
  46  4:15  Probe  
  47  4:26  Blink  
  48  4:31  Stalker  
  48  4:32  Probe (Chrono Boost)  
  48  4:34  Probe (Chrono Boost)  
  48  4:37  Protoss Ground Weapons Level 1 (Chrono Boost)  
  51  4:43  Probe (Chrono Boost)  
  51  4:44  Probe (Chrono Boost)  
  53  4:53  Robotics Facility  
  53  4:54  Probe (Chrono Boost)  
  53  4:58  Assimilator, Probe (Chrono Boost)  
  55  5:04  Probe (Chrono Boost)  
  57  5:08  Probe (Chrono Boost)  
  57  5:10  Probe, Stalker  
  57  5:11  Stalker  
  62  5:18  Probe, Pylon  
  63  5:22  Probe  
  64  5:30  Probe  
  64  5:35  Probe  
  66  5:37  Nexus  
  67  5:42  Probe  
  67  5:45  Gateway  
  67  5:47  Observer, Probe  
  69  5:50  Gateway  
  69  5:55  Probe  
  70  5:58  Pylon  
  70  6:01  Gateway  
  70  6:09  Immortal (Chrono Boost)  
  70  6:10  Probe  
  75  6:13  Probe  
  76  6:21  Shield Battery  
  76  6:22  Probe  
  76  6:25  Probe  
  78  6:27  Charge  
  78  6:34  Probe  
  78  6:37  Gateway, Probe  
  80  6:40  Pylon  
  80  6:41  Protoss Ground Weapons Level 2 (Chrono Boost)  
  80  6:42  Immortal (Chrono Boost)  
  84  6:52  Stalker  
  86  6:54  Probe x2  
  86  6:55  Probe  
  86  6:59  Stalker  
  91  7:02  Stalker  
  91  7:04  Stalker  
  96  7:08  Probe x2  
  96  7:12  Probe  
  96  7:13  Pylon  
  98  7:16  Pylon  
  98  7:18  Pylon  
  98  7:27  Immortal  
  102  7:33  Probe x2  
  102  7:34  Photon Cannon  
  104  7:38  Gateway  
  104  7:40  Dark Shrine, Gateway  
  104  7:49  Photon Cannon  
  104  7:50  Stalker x2  
  108  7:51  Assimilator  
  108  7:58  Gateway  
  108  7:59  Gateway  
  108  8:07  Zealot x3  
  108  8:08  Zealot  
  116  8:14  Immortal  
  116  8:19  Probe  
  121  8:25  Nexus  
  121  8:30  Zealot x2  
  125  8:34  Pylon  
  125  8:35  Pylon, Probe  
  125  8:36  Probe  
  127  8:41  Templar Archives  
  127  8:44  Zealot  
  129  8:52  Zealot x2  
  129  8:53  Observer  
  133  8:56  Assimilator  
  133  8:58  Photon Cannon  
  133  8:59  Dark Templar x2  
  137  9:04  Protoss Ground Weapons Level 3  
  137  9:07  Zealot  
  137  9:08  Nexus  
  121  9:18  High Templar  
  121  9:19  High Templar  
  121  9:23  Zealot x3, Archon  
  121  9:24  Zealot x2  
  135  9:27  Shield Battery  
  135  9:28  Shield Battery, Probe  
  136  9:34  Probe  
  136  9:35  Probe  
  136  9:37  Pylon  
  138  9:40  Zealot  
  140  9:50  Dark Templar  
  140  9:51  Dark Templar x2  
  128  9:56  Zealot  
  128  9:57  Zealot x2  
  128  10:01  Zealot x4  
  128  10:02  Probe  
  113  10:14  Probe x2  
  113  10:16  Robotics Bay  
  113  10:18  Assimilator  
  113  10:21  Probe  
  115  10:22  Photon Cannon  
  115  10:25  High Templar, Archon  
  115  10:26  Zealot x2, High Templar  
  115  10:27  Zealot  
  125  10:29  Archon  
  125  10:33  Probe  
  125  10:34  Zealot x4  
  134  10:38  Shield Battery  
  128  10:45  Probe, Stalker  
  126  10:53  Zealot x3  
  120  11:02  Disruptor (Chrono Boost)  
  120  11:03  High Templar  
  117  11:07  High Templar  
  117  11:08  High Templar  
  124  11:12  Photon Cannon, Probe  
  124  11:14  Archon  
  124  11:15  Probe  
  124  11:18  High Templar, Photon Cannon  
  126  11:22  Photon Cannon  
  126  11:23  Archon  
  126  11:25  Zealot  
  130  11:29  Gateway  
  130  11:30  Disruptor (Chrono Boost), Gateway  
  130  11:36  Robotics Facility  
  133  11:53  Stalker x4  
  133  12:01  Gateway  
  133  12:03  Zealot  
  133  12:04  Zealot x2  
  112  12:15  Zealot x2  
  112  12:16  Zealot x2  
  99  12:30  Stalker  
  99  12:31  Nexus, Stalker x6  
  99  12:37  Disruptor x2 (Chrono Boost)  
  101  12:39  Pylon  
  103  12:46  Probe  
  103  12:50  Dark Templar  
  106  12:54  Zealot  
  106  12:58  Probe  
  109  13:03  Unknown  
  109  13:04  High Templar  
  109  13:05  Zealot, High Templar  
  113  13:06  Observer (Chrono Boost), Photon Cannon  
  113  13:09  Photon Cannon  
  113  13:10  Probe  
  113  13:11  Archon  
  113  13:12  Shield Battery  
  117  13:18  Zealot  
  117  13:19  Zealot x2  
  121  13:27  Zealot x3  
  121  13:30  Zealot  
  124  13:44  Stalker x3  
  124  13:47  Stalker  
  132  13:49  High Templar x2  
  132  13:53  Archon  
  134  13:56  Disruptor  
  134  13:57  Disruptor  
  138  14:06  Zealot x2  
  128  14:13  Zealot x2  
  126  14:22  Zealot x2  
  109  14:24  Zealot  
  109  14:28  Stalker  
  98  14:32  Zealot x2  
  90  14:45  Zealot x3  
  83  14:46  Zealot x3  
Show
View Real Time Build Order
Export as new Build Order

LiquidMaNa Protoss - Winner!

Build Orders: Phoenix Opening 

Get SALT Encoding   

  12  0:00  Probe  
  13  0:12  Probe  
  14  0:18  Pylon  
  14  0:24  Probe (Chrono Boost)  
  15  0:36  Probe (Chrono Boost)  
  15  0:38  Gateway  
  16  0:45  Probe (Chrono Boost)  
  16  0:47  Assimilator  
  17  0:51  Probe  
  17  0:55  Assimilator  
  18  1:03  Probe (Chrono Boost)  
  19  1:09  Gateway  
  19  1:13  Probe (Chrono Boost)  
  19  1:17  Probe (Chrono Boost)  
  20  1:25  Cybernetics Core  
  21  1:29  Probe  
  22  1:35  Pylon  
  22  1:41  Probe  
  23  1:53  Probe  
  24  2:01  Warp Gate (Chrono Boost), Stalker x2  
  28  2:06  Probe  
  29  2:16  Pylon  
  29  2:22  Shield Battery  
  29  2:31  Stalker  
  29  2:34  Stalker  
  33  2:50  Probe  
  33  3:00  Nexus  
  33  3:03  Probe  
  34  3:09  Sentry x2  
  38  3:16  Pylon  
  38  3:18  Probe  
  39  3:34  Twilight Council, Probe (Chrono Boost)  
  40  3:41  Forge  
  40  3:42  Phoenix  
  40  3:45  Probe (Chrono Boost)  
  41  3:50  Probe (Chrono Boost), Stalker  
  44  4:01  Pylon  
  44  4:02  Probe  
  45  4:11  Blink  
  45  4:12  Probe  
  45  4:14  Probe  
  47  4:17  Protoss Ground Weapons Level 1 (Chrono Boost)  
  47  4:24  Probe (Chrono Boost)  
  47  4:27  Probe (Chrono Boost)  
  47  4:29  Phoenix  
  49  4:36  Probe (Chrono Boost)  
  51  4:39  Probe (Chrono Boost)  
  51  4:42  Robotics Facility  
  51  4:43  Probe (Chrono Boost)  
  51  4:45  Probe (Chrono Boost)  
  52  4:50  Probe  
  52  4:51  Stalker  
  56  4:53  Probe  
  56  4:59  Pylon  
  57  5:00  Assimilator  
  57  5:03  Probe  
  57  5:05  Probe  
  59  5:07  Shield Battery  
  59  5:15  Probe  
  59  5:17  Gateway  
  59  5:18  Gateway, Probe  
  61  5:27  Probe  
  62  5:29  Observer  
  62  5:30  Probe  
  64  5:36  Nexus  
  64  5:39  Phoenix  
  64  5:40  Pylon  
  64  5:42  Sentry  
  66  5:44  Probe x2  
  66  5:47  Stalker  
  70  5:56  Probe  
  70  5:57  Probe  
  72  6:00  Immortal  
  72  6:02  Pylon  
  76  6:09  Probe x2  
  76  6:10  Protoss Ground Weapons Level 2 (Chrono Boost)  
  78  6:11  Shield Battery  
  78  6:21  Charge  
  78  6:24  Probe x2  
  80  6:32  Stalker x4  
  86  6:36  Probe x2  
  86  6:39  Phoenix  
  90  6:44  Assimilator  
  90  6:46  Observer  
  91  6:48  Probe  
  91  6:49  Probe x2  
  94  6:55  Gateway x2  
  94  6:59  Gateway  
  94  7:01  Gateway  
  94  7:02  Probe  
  94  7:03  Probe  
  94  7:04  Probe  
  97  7:10  Warp Prism  
  97  7:15  Probe x2  
  101  7:16  Stalker, Probe  
  101  7:19  Assimilator  
  104  7:27  Stalker x2  
  108  7:34  Pylon x2  
  108  7:37  Photon Cannon  
  108  7:38  Pylon  
  108  7:40  Photon Cannon  
  108  7:41  Probe  
  109  7:52  Immortal, Probe x2  
  109  7:57  Pylon  
  115  8:02  Zealot x4  
  115  8:03  Zealot  
  115  8:04  Zealot  
  127  8:09  Zealot x2  
  131  8:21  Pylon  
  131  8:23  Pylon  
  131  8:25  Pylon  
  130  8:29  Templar Archives  
  130  8:30  Nexus  
  130  8:31  Observer  
  131  8:43  Zealot x5  
  131  8:48  Zealot x2  
  145  9:00  Photon Cannon  
  145  9:10  High Templar x8  
  145  9:14  Archon x3  
  145  9:15  Archon  
  157  9:24  Protoss Ground Weapons Level 3 (Chrono Boost)  
  157  9:26  Pylon  
  156  9:31  Photon Cannon  
  156  9:33  Photon Cannon  
  156  9:35  Observer (Chrono Boost), Photon Cannon  
  157  9:43  Observer  
  157  9:44  Zealot x4  
  163  9:51  Zealot x2  
  163  9:52  Zealot x2  
  138  10:06  Observer  
  122  10:15  High Templar x4  
  122  10:16  Zealot x4  
  122  10:18  Unknown  
  122  10:19  Archon  
  122  10:20  Archon  
  138  10:24  Photon Cannon  
  138  10:25  Gateway  
  138  10:28  Gateway  
  138  10:31  Robotics Facility  
  138  10:36  Zealot x4  
  146  10:44  Zealot x2  
  150  10:51  Zealot x2  
  144  10:57  Zealot x4  
  148  11:15  Gateway  
  148  11:16  Observer  
  148  11:20  High Templar x5  
  148  11:21  Zealot x3, High Templar  
  148  11:22  Zealot  
  148  11:25  Shield Battery, Archon x3  
  168  11:27  Pylon  
  168  11:40  Stalker x2  
  156  11:56  Stalker x3  
  156  11:57  Stalker x5  
  156  11:59  Immortal  
  110  12:25  Stalker x11  
  110  12:49  Warp Prism (Chrono Boost)  
  108  12:55  High Templar x3  
  108  12:56  Zealot x7, High Templar, Nexus  
  130  12:59  Archon  
  130  13:00  Archon  
  130  13:04  Probe x3  
  133  13:06  Pylon  
  133  13:31  Zealot x3  
  133  13:33  Stalker x7  
  147  13:47  Observer (Chrono Boost)  
  146  13:55  Stargate x2  
  146  13:57  Stargate  
  146  14:06  Zealot x9  
  142  14:23  Zealot x2  
  138  14:26  Stalker x5  
  138  14:27  Stalker  
  112  14:46  Stalker x5  
  112  14:49  Zealot  
  112  14:50  Zealot x2  

Tags
 
Add a new tag
Caveats
  • Supply blocks, unpowered buildings, or Contaminate may cause inaccurate times.
  • Supply counts are checked every 10 seconds.